Map: Golden Wall LE

Players

Cyanine - Winner!

  • Race: Terran Terran
  • League: Grandmaster
  • Spawn Location: 5:00

A.I. 1 (Very Easy)

  • Race: Zerg Zerg
  • Spawn Location: 7:00

VOD

Have the link to the VOD?

Description

Time

  • Played on: April 3, 2020, 2:46 p.m.
  • Length: 10:54
Show
View Real Time Build Order
Export as new Build Order

Cyanine Terran - Winner!

Build Orders: Reaper Expand 

Get SALT Encoding   

  12  0:00  SCV  
  13  0:12  SCV  
  14  0:17  Supply Depot  
  14  0:25  SCV  
  15  0:39  SCV  
  15  0:40  Barracks  
  16  0:44  Refinery  
  16  0:51  SCV  
  17  1:03  SCV  
  18  1:15  SCV  
  19  1:28  Reaper, Orbital Command  
  20  1:40  Command Center  
  20  1:48  Supply Depot  
  21  1:54  SCV  
  21  2:00  Marine  
  22  2:06  SCV  
  23  2:08  Factory  
  23  2:13  Refinery  
  23  2:17  Marine  
  23  2:18  SCV  
  25  2:30  SCV  
  25  2:36  Barracks Reactor  
  26  2:42  SCV  
  27  2:52  Orbital Command  
  27  2:54  Starport  
  27  2:57  SCV  
  28  3:09  SCV  
  29  3:13  Command Center  
  29  3:20  SCV  
  29  3:21  SCV  
  29  3:22  Hellion  
  33  3:29  Hellion  
  33  3:34  SCV x2  
  36  3:36  Starport Tech Lab  
  37  3:46  SCV x2  
  39  3:49  Barracks Tech Lab  
  39  3:54  Barracks  
  39  3:56  Barracks  
  39  3:58  SCV  
  39  3:59  SCV  
  39  4:00  Factory Reactor, Cloaking Field  
  41  4:06  Banshee  
  44  4:10  SCV  
  44  4:11  SCV  
  44  4:16  Stimpack  
  46  4:23  Supply Depot  
  46  4:24  Marine, SCV  
  46  4:25  SCV  
  46  4:28  Orbital Command  
  49  4:37  SCV x2  
  51  4:40  Engineering Bay  
  51  4:42  Engineering Bay  
  51  4:47  Factory Reactor, Supply Depot  
  51  4:49  SCV x2  
  51  4:51  Banshee  
  56  4:53  Marine  
  56  4:54  Marine  
  56  4:58  Refinery  
  58  5:00  Refinery  
  58  5:01  SCV  
  58  5:02  SCV  
  58  5:04  SCV  
  61  5:07  Terran Infantry Weapons Level 1  
  61  5:09  Terran Infantry Armor Level 1  
  61  5:10  Marine  
  61  5:12  Marine  
  61  5:13  Marine x2  
  65  5:15  Marine  
  65  5:17  Supply Depot  
  65  5:19  SCV  
  65  5:21  SCV  
  68  5:30  Barracks  
  68  5:31  Barracks  
  68  5:32  Orbital Command  
  69  5:35  SCV x2  
  69  5:37  Marine x3  
  69  5:39  Marine  
  69  5:40  Supply Depot  
  69  5:41  Marine  
  75  5:47  SCV  
  75  5:48  SCV  
  77  5:53  Medivac x2  
  81  5:57  Siege Tank  
  81  5:58  Combat Shield  
  81  6:01  SCV  
  81  6:02  SCV, Supply Depot  
  86  6:04  SCV  
  86  6:09  Supply Depot  
  87  6:13  Supply Depot  
  87  6:15  SCV x2  
  87  6:18  Supply Depot x2  
  89  6:21  SCV  
  89  6:24  Marine, Armory  
  89  6:25  Barracks Reactor x2  
  93  6:26  Marine  
  93  6:28  Marine  
  93  6:32  SCV x2  
  97  6:33  SCV  
  98  6:44  SCV, Siege Tank  
  98  6:45  Marine x2  
  103  6:47  Factory, SCV x2  
  103  6:49  Medivac  
  103  6:52  Marine x2  
  103  6:53  Medivac  
  111  6:55  Refinery  
  111  6:57  SCV  
  111  6:59  SCV  
  113  7:02  Marine x4  
  113  7:03  Marine  
  113  7:04  Marine x2  
  119  7:12  Supply Depot  
  119  7:13  Marine x2  
  121  7:20  Marine x4  
  125  7:23  Terran Infantry Weapons Level 2  
  125  7:26  Marine x3  
  125  7:28  Terran Infantry Armor Level 2  
  125  7:29  Factory Reactor  
  128  7:31  Marine x2  
  128  7:34  SCV x3  
  128  7:35  Supply Depot  
  133  7:37  Supply Depot x2  
  133  7:38  Marine  
  133  7:42  Medivac x2  
  138  7:45  Marine x3  
  141  7:52  Drilling Claws  
  141  7:56  Marine x2  
  141  7:57  Widow Mine, Command Center, SCV x3  
  148  8:04  Marine x7  
  148  8:05  Supply Depot  
  155  8:07  Supply Depot x2  
  155  8:08  Supply Depot  
  155  8:09  Supply Depot  
  155  8:14  Marine, Barracks x2  
  155  8:16  Marine  
  155  8:17  Concussive Shells  
  155  8:18  Widow Mine, Barracks  
  161  8:20  Widow Mine  
  161  8:21  Medivac, Widow Mine  
  161  8:26  Marine, Medivac  
  168  8:30  SCV x3  
  171  8:36  Marine x4  
  171  8:37  Marine x3  
  178  8:46  Marauder  
  180  8:51  Terran Vehicle And Ship Armor Level 1, Medivac  
  180  8:54  Marine x7  
  193  8:56  Medivac, Widow Mine x3  
  197  9:07  Marauder, Barracks Tech Lab  
  197  9:08  Barracks Tech Lab x2  
  199  9:30  Marine, Refinery  
  200  9:34  Refinery  
  200  9:37  Planetary Fortress  
  200  9:57  Command Center, Missile Turret  
  200  10:25  Missile Turret  
Show
View Real Time Build Order
Export as new Build Order

A.I. 1 (Very Easy) Zerg 

Build Orders: Pool First 

Get SALT Encoding   

  12  0:00  Drone  
  13  0:12  Overlord  
  13  0:17  Drone  
  14  0:47  Overlord  
  14  0:50  Drone, Spawning Pool  
  14  0:51  Extractor  
  13  0:57  Drone  
  14  1:15  Hatchery  
  13  1:20  Drone  
  14  1:39  Queen  
  14  1:42  Zergling x2  
  14  1:46  Zergling x2  
  18  2:02  Roach Warren  
  18  2:04  Drone  
  18  2:09  Extractor  
  18  2:14  Drone  
  18  2:19  Zergling x2  
  19  2:24  Drone  
  20  2:31  Drone  
  21  2:38  Drone  
  22  2:46  Drone  
  23  2:53  Drone  
  24  3:00  Drone  
  24  3:04  Roach  
  27  3:07  Drone  
  28  3:14  Drone  
  29  3:22  Overlord  
  29  3:26  Drone  
  30  3:33  Drone  
  31  3:39  Lair  
  31  3:40  Drone  
  32  3:49  Roach  
  32  3:52  Drone  
  35  3:59  Drone  
  36  4:05  Overlord  
  36  4:06  Drone  
  37  4:14  Drone  
  38  4:21  Drone  
  39  4:28  Drone  
  40  4:35  Drone, Roach, Ravager  
  40  4:36  Overseer  
  44  4:40  Overseer  
  44  4:42  Drone  
  44  4:44  Overlord  
  45  4:49  Drone  
  46  4:57  Drone  
  47  5:04  Drone  
  48  5:11  Drone  
  48  5:14  Extractor  
  48  5:18  Drone, Extractor  
  48  5:25  Drone  
  49  5:32  Drone  
  50  5:39  Drone  
  51  5:47  Drone  
  52  9:41  Zergling x2  
  46  9:49  Overlord, Overseer  
  43  10:02  Drone  
  25  10:10  Drone  
  21  10:17  Drone  
  21  10:20  Overlord, Overseer  
  19  10:24  Drone  
  15  10:31  Drone  
Tags
 
Add a new tag
Caveats
  • Supply blocks, unpowered buildings, or Contaminate may cause inaccurate times.
  • Supply counts are checked every 10 seconds.